cohdb
Replays
Latest Replays
All Replays
Popular Replays
Top Player Replays
Match Explorer
How It Works
Community
CoH3 Stats
Reddit
Sign in to upload your games and track your stats! →
Sign in with Steam
Match 44521317
Unlisted
Match 44521317
Overview
Messages
Build Orders
End
Pioneer Squad
Construct Infanterie Kompanie
Selects Breakthrough Battlegroup
Selects Assault Grenadiers
Grenadier Squad
Grenadier Squad
Grenadier Squad
Construct Luftwaffe Kompanie
Selects Rapid Production
221 Scout Car
Selects Breakthrough
Jäger Squad
Support Elements
Medical Bunker
Wirbelwind Flakpanzer
咚咚锵个腿
MxCarnage!!
0
0
Comments
sign in to comment!
No comments posted yet!